 Dungeon Crawl Stone Soup version 0.23.0-3-gf3c87f2 (webtiles) character file.

Game seed: 1513944518924415975

285 Borgoz the Sneak (level 6, -3/45 HPs)
             Began as a Ghoul Enchanter on Feb 24, 2019.
             Was a Follower of Ashenzari.
             Slain by an ogre
             ... wielding a +0 giant club
              (7 damage)
             ... on level 4 of the Dungeon.
             The game lasted 00:12:20 (3958 turns).

Borgoz the Sneak (Ghoul Enchanter)                  Turns: 3958, Time: 00:12:21

Health: -3/45      AC:  4    Str: 11 (12) XL:     6   Next: 29%
Magic:  6/7        EV: 12    Int: 10      God:    Ashenzari [*.....]
Gold:   188        SH:  0    Dex: 10 (11) Spells: 7/8 levels left

rFire    . . .     SeeInvis .   a - +2 dagger
rCold    + + .     Gourm    .   (no shield)
rNeg     + + +     Faith    .   p - +0 leather armour
rPois    ∞         Spirit   .   (no helmet)
rElec    .         Reflect  .   (no cloak)
rCorr    .         Harm     .   (no gloves)
MR       .....                  j - +0 pair of boots
Stlth    ++........             (no amulet)
HPRegen  0.00/turn              m - ring of protection from cold
MPRegen  0.10/turn              (no ring)

@: rotting
A: rotting body, claws 1, carnivore, cold resistance 1, negative energy
resistance 3, inhibited regeneration, torment resistance, unbreathing
a: Curse Item, Scrying, Renounce Religion


You were on level 4 of the Dungeon.
You worshipped Ashenzari.
Ashenzari was aware of your devotion.
You were not hungry.

You visited 1 branch of the dungeon, and saw 4 of its levels.

You collected 188 gold pieces.

Inventory:

Hand Weapons
 a - a +2 dagger (weapon)
Missiles
 e - 3 needles of confusion
Armour
 j - a +0 pair of boots (worn)
 p - a +0 leather armour (worn)
 v - a scarf of cloud immunity
Jewellery
 m - a ring of protection from cold (left claw)
 t - an uncursed amulet of magic regeneration
 w - an uncursed ring of magical power
Wands
 b - a wand of paralysis (2)
Scrolls
 c - 3 scrolls of enchant weapon
 f - a scroll of remove curse
 h - a scroll of random uselessness {unknown}
 l - a scroll of magic mapping {unknown}
 r - a scroll of blinking {unknown}
 u - a scroll of identify {unknown}
Potions
 g - a potion of mutation
Comestibles
 d - 6 rations
 i - a chunk of flesh


   Skills:
 * Level 3.2 Short Blades
 + Level 2.7 Dodging
 + Level 4.3 Stealth
 - Level 1.7 Spellcasting
 * Level 3.8 Hexes


You had 7 spell levels left.
You knew the following spells:

 Your Spells              Type           Power        Failure   Level  Hunger
a - Corona                Hex            #......      9%          1    ##.....

Your spell library contained the following spells:

 Spells                   Type           Power        Failure   Level  Hunger
 Confuse                  Hex            #.......     26%         3    ####...
 Tukima's Dance           Hex            #.......     26%         3    ####...
 Ensorcelled Hibernation  Hex/Ice        #.....       28%         2    ###....
 Dazzling Spray           Conj/Hex       #.....       50%         3    ####...


Dungeon Overview and Level Annotations

Branches:
Dungeon (4/15)
 Temple: D:4-7

Altars:
Ashenzari
Dithmenos
Ru
Trog
Yredelemnul


Innate Abilities, Weirdness & Mutations

Your body is rotting away.
You thrive on raw meat.
You are immune to poison.
You have sharp fingernails.
You are carnivorous and can eat meat at any time.
Your flesh is cold resistant. (rC+)
You are immune to negative energy. (rN+++)
You do not regenerate when monsters are visible.
You are immune to unholy pain and torment.
You can survive without breathing.


Message History

The ogre is lightly wounded.
The ogre hits you with a +0 giant club!!
* * * LOW HITPOINT WARNING * * *
Okay, then.
Okay, then.
Firing (i - inventory) No suitable missiles.
Press: ? - help, Shift-Dir - straight line, f/p - ogre
Aim: an ogre, wielding a +0 giant club (lightly wounded, softly glowing)
Okay, then.
Evoke which item? (* to show all) (? for menu, Esc to quit)
Aiming: Paralyse
Press: ? - help, Shift-Dir - straight line, f/p - ogre
Aim: an ogre, wielding a +0 giant club (lightly wounded, softly glowing, chance to defeat MR: 46%)
The ogre resists with some effort.
Evoke which item? (* to show all) (? for menu, Esc to quit)
Aiming: Paralyse
Press: ? - help, Shift-Dir - straight line, f/p - ogre
Aim: an ogre, wielding a +0 giant club (lightly wounded, softly glowing, chance to defeat MR: 46%)
The ogre resists with some effort.
The ogre hits you with a +0 giant club!
You die... ...#.#.## ... #ahh

.....#..####..##. ##..
............... .# ##.
####.....####. # #..
#$.##...##..# # #...
#...##.##...#.# ......
#...#.#..)##.##......
#hO#.#'.##..........
..###@..###.....###...
........8.........#
##..
#...###...###.....#
##. #. +#.#'.##....#
#.#...##...#
#.##...#...#
...##..#...#
.....####...# .......
.#


You could see an ogre and a hound.

Vanquished Creatures
  An orc priest (D:4)
  An orc wizard (D:4)
  2 worker ants (D:4)
  A hound skeleton (D:4)
  3 gnolls
  5 adders
  3 worms
  A dart slug (D:2)
  A leopard gecko (D:1)
  3 orcs (D:4)
  8 bats
  4 giant cockroaches
  5 goblins (D:2)
  5 hobgoblins
  19 jackals
  7 kobolds
  3 quokkas (D:2)
  6 frilled lizards
  9 rats
87 creatures vanquished.

Notes
Turn   | Place    | Note
-------+----------+-------------------------------------------
     0 | D:1      | Borgoz the Ghoul Enchanter began the quest for the Orb.
     0 | D:1      | Reached XP level 1. HP: 14/14 MP: 2/2
    88 | D:1      | Reached skill level 1 in Short Blades
   293 | D:1      | Reached XP level 2. HP: 17/20 MP: 3/3
  1217 | D:2      | Reached XP level 3. HP: 26/26 MP: 4/4
  1319 | D:2      | Found a sacrificial altar of Ru.
  1344 | D:2      | Found a shattered altar of Ashenzari.
  1352 | D:2      | Became a worshipper of Ashenzari the Shackled
  1397 | D:2      | Reached XP level 4. HP: 15/33 MP: 5/5
  1519 | D:2      | Found a shadowy altar of Dithmenos.
  1598 | D:2      | Found a bloodstained altar of Trog.
  2675 | D:3      | Found a basalt altar of Yredelemnul.
  2825 | D:2      | Reached XP level 5. HP: 14/38 MP: 6/6
  3019 | D:3      | Reached * piety under Ashenzari
  3020 | D:3      | Found a faded altar of an unknown god.
  3101 | D:3      | Reached skill level 4 in Stealth
  3392 | D:4      | Noticed a phantom
  3440 | D:4      | Reached XP level 6. HP: 41/45 MP: 7/7
  3615 | D:4      | HP: 2/45 [adder (3)]
  3958 | D:4      | Slain by an ogre

Skill      XL: |  1  2  3  4  5 |
---------------+----------------+-----
Short Blades   | 1 2 3 |  3.2
Dodging        | 2 |  2.7
Hexes          | 3 |  3.8
Stealth        | 4 |  4.3
Spellcasting   | |  1.7

Action                   |  1- 3 |  4- 6 || total
-------------------------+-------+-------++-------
Melee: Dagger            |   144 |   325 ||   469
Throw: Throwing net      |       |     1 ||     1
 Cast: Corona            |       |     6 ||     6
Evoke: Wand              |       |     6 ||     6
  Use: Scroll            |     1 |     4 ||     5
       Potion            |       |     8 ||     8
 Stab: Sleeping          |     2 |     8 ||    10
       Invisible         |       |     5 ||     5
       Held in net/web   |       |     1 ||     1
  Eat: Chunk             |     9 |    48 ||    57
Armor: Robe              |    39 |     4 ||    43
       Leather armour    |       |    45 ||    45
Dodge: Dodged            |   106 |   183 ||   289
